[ PARTIDA AOE2 · #495149638 ]
UnrankedMongoles vs Koreans
Equipo del jugador · VICT
Equipo rival · DERR
[ ANÁLISIS DE REPETICIÓN · EXTRAÍDO DE LA PARTIDA GRABADA ]
Feudal
7:36
Castillos
—
Imperial
—
| APM promedio | 66.1 |
| APM pico | 90 |
| eAPM promedio | 31.3 |
| Aldeanos / militares | 41 / 29 |
Foco
⚔️ 60.3% · 🌾 39.7%
Skirmisher ×11 · Archer ×10 · Scout Cavalry ×8
Feudal
9:42
Castillos
—
Imperial
—
| APM promedio | 43.5 |
| APM pico | 76 |
| eAPM promedio | 20.7 |
| Aldeanos / militares | 30 / 13 |
Foco
⚔️ 19.0% · 🌾 81.0%
Archer ×12 · Spearman ×1
Mapa de la partida
Recursos iniciales + cada clic de construcción. Líneas = muros · curvas = relieve. ◆ oro · ⬟ piedra · ● bayas · ✦ reliquia · ◌ hueco del cierre
Tu base· Abierta — flanco sin cerrar
Base de piñaples· Abierta — hueco de 4t
Terreno inicial suavizado · ◌ = hueco del cierre detectado · pasá el cursor para detalles
Inputs por minuto
— Craftmk - - piñaples
Build order — Craftmk
116 acciones detectadas en el replay
| 0:01 | Crear | Villager (Male) ×4 |
| 0:03 | Construir | House |
| 0:05 | Construir | House |
| 1:29 | Crear | Villager (Male) |
| 1:51 | Crear | Villager (Male) |
| 2:02 | Crear | Villager (Male) |
| 2:17 | Construir | Lumber Camp |
| 2:27 | Crear | Villager (Male) |
| 2:34 | Crear | Villager (Male) |
| 2:50 | Crear | Villager (Male) |
| 2:57 | Crear | Villager (Male) |
| 3:25 | Construir | House |
| 4:25 | Crear | Villager (Male) |
| 4:27 | Investigar | Loom |
| 4:48 | Construir | Mill |
| 5:26 | Investigar | Feudal Age |
| 5:44 | Construir | Palisade Gate |
| 6:22 | Construir | Barracks |
| 6:33 | Construir | House |
| 6:42 | Crear | Villager (Male) |
| 7:36 | Edad | Edad Feudal |
| 7:50 | Construir | Stable |
| 7:53 | Investigar | Double-Bit Axe |
| 8:01 | Crear | Villager (Male) |
| 8:14 | Construir | House |
| 8:25 | Crear | Villager (Male) |
| 8:31 | Crear | Scout Cavalry |
| 8:45 | Crear | Scout Cavalry |
| 8:55 | Crear | Villager (Male) |
| 9:21 | Crear | Villager (Male) |
| 9:35 | Crear | Scout Cavalry |
| 9:57 | Crear | Villager (Male) |
| 10:05 | Construir | Archery Range |
| 10:33 | Crear | Villager (Male) |
| 10:55 | Crear | Skirmisher |
| 11:01 | Construir | House |
| 11:02 | Construir | House |
| 11:02 | Crear | Villager (Male) |
| 11:14 | Crear | Skirmisher |
| 11:27 | Crear | Villager (Male) |
| 11:35 | Crear | Skirmisher |
| 11:53 | Construir | Farm |
| 11:53 | Construir | Farm |
| 11:54 | Construir | Farm |
| 11:56 | Construir | Farm |
| 11:59 | Construir | Farm |
| 11:59 | Crear | Villager (Male) |
| 12:02 | Crear | Skirmisher |
| 12:13 | Crear | Villager (Male) |
| 12:14 | Construir | Blacksmith |
| 12:15 | Construir | House |
| 12:21 | Construir | Palisade Wall |
| 12:22 | Crear | Skirmisher |
| 12:27 | Construir | Farm |
| 12:27 | Crear | Villager (Male) |
| 12:30 | Construir | Farm |
| 12:41 | Construir | Palisade Wall |
| 12:45 | Crear | Skirmisher |
| 12:56 | Crear | Villager (Male) |
| 13:07 | Construir | Mining Camp |
| 13:09 | Crear | Villager (Male) |
| 13:26 | Crear | Villager (Male) |
| 13:29 | Crear | Skirmisher |
| 13:39 | Crear | Villager (Male) |
| 14:05 | Construir | Watch Tower |
| 14:12 | Investigar | Fletching |
| 14:12 | Investigar | Fletching |
| 14:25 | Crear | Skirmisher |
| 14:31 | Crear | Skirmisher |
| 14:37 | Construir | Mining Camp |
| 14:53 | Crear | Villager (Male) |
| 14:55 | Crear | Skirmisher |
| 15:27 | Crear | Scout Cavalry |
| 15:32 | Crear | Villager (Male) |
| 16:00 | Crear | Villager (Male) |
| 16:23 | Crear | Scout Cavalry |
| 16:37 | Crear | Villager (Male) |
| 17:02 | Construir | Watch Tower |
| 17:06 | Construir | House |
| 17:08 | Construir | Palisade Wall |
| 17:08 | Crear | Villager (Male) |
| 17:13 | Construir | Farm |
| 17:13 | Construir | Farm |
| 17:13 | Construir | Farm |
| 17:13 | Construir | Farm |
| 17:13 | Construir | Farm |
| 17:17 | Construir | Archery Range |
| 17:39 | Crear | Scout Cavalry |
| 17:44 | Construir | Lumber Camp |
| 18:11 | Crear | Archer ×5 |
| 18:12 | Crear | Villager (Male) |
| 18:26 | Construir | Watch Tower |
| 18:31 | Investigar | Padded Archer Armor |
| 18:31 | Investigar | Padded Archer Armor |
| 18:36 | Construir | Farm |
| 18:44 | Crear | Villager (Male) |
| 19:12 | Crear | Archer ×2 |
| 19:13 | Crear | Villager (Male) |
| 19:18 | Investigar | Horse Collar |
| 19:19 | Investigar | Horse Collar |
| 19:20 | Construir | Farm |
| 19:21 | Construir | Farm |
| 19:32 | Crear | Archer |
| 19:42 | Crear | Villager (Male) |
| 19:46 | Construir | Farm |
| 19:55 | Crear | Skirmisher |
| 19:59 | Construir | Palisade Wall |
| 20:02 | Construir | Palisade Gate |
| 20:12 | Crear | Villager (Male) |
| 20:38 | Crear | Archer ×2 |
| 20:39 | Crear | Villager (Male) |
| 21:04 | Crear | Scout Cavalry ×2 |
| 21:06 | Construir | House |
| 21:07 | Construir | House |
| 21:25 | Crear | Villager (Male) |
| 21:35 | Crear | Villager (Male) |
Build order — piñaples
72 acciones detectadas en el replay
| 0:00 | Crear | Villager (Male) |
| 0:01 | Crear | Villager (Male) |
| 0:01 | Construir | House |
| 0:02 | Construir | House |
| 0:05 | Crear | Villager (Male) |
| 0:05 | Crear | Villager (Male) |
| 1:23 | Crear | Villager (Male) |
| 1:49 | Construir | Lumber Camp |
| 2:04 | Crear | Villager (Male) |
| 2:14 | Crear | Villager (Male) |
| 2:49 | Crear | Villager (Male) |
| 3:01 | Crear | Villager (Male) |
| 3:22 | Construir | House |
| 3:35 | Crear | Villager (Male) |
| 3:42 | Construir | House |
| 4:06 | Crear | Villager (Male) |
| 4:06 | Crear | Villager (Male) |
| 5:01 | Crear | Villager (Male) |
| 5:01 | Crear | Villager (Male) |
| 5:12 | Construir | Mill |
| 5:13 | Crear | Villager (Male) |
| 5:54 | Construir | Lumber Camp |
| 6:13 | Crear | Villager (Male) |
| 6:37 | Crear | Villager (Male) |
| 6:40 | Investigar | Loom |
| 7:32 | Investigar | Feudal Age |
| 7:47 | Construir | Mining Camp |
| 7:51 | Construir | House |
| 7:55 | Construir | House |
| 8:26 | Construir | Palisade Gate |
| 8:28 | Construir | House |
| 8:46 | Construir | Barracks |
| 9:22 | Construir | House |
| 9:42 | Edad | Edad Feudal |
| 9:45 | Construir | Archery Range |
| 9:48 | Construir | House |
| 9:53 | Crear | Spearman |
| 9:59 | Crear | Villager (Male) |
| 10:04 | Crear | Villager (Male) |
| 10:29 | Crear | Archer |
| 10:29 | Crear | Archer |
| 10:31 | Construir | Blacksmith |
| 11:20 | Construir | Farm |
| 11:21 | Construir | Farm |
| 11:23 | Crear | Archer |
| 11:39 | Crear | Archer |
| 11:51 | Construir | Farm |
| 11:53 | Construir | Farm |
| 12:04 | Construir | Farm |
| 12:05 | Construir | Farm |
| 12:19 | Crear | Villager (Male) |
| 12:36 | Crear | Archer |
| 12:48 | Construir | Farm |
| 13:08 | Investigar | Fletching |
| 13:10 | Crear | Archer |
| 13:33 | Crear | Archer |
| 14:10 | Crear | Archer |
| 14:13 | Crear | Villager (Male) |
| 14:24 | Construir | Watch Tower |
| 15:29 | Crear | Archer |
| 15:29 | Crear | Archer |
| 15:29 | Crear | Archer |
| 16:54 | Crear | Villager (Male) |
| 16:54 | Crear | Villager (Male) |
| 16:54 | Crear | Villager (Male) |
| 17:05 | Crear | Villager (Male) |
| 17:05 | Crear | Villager (Male) |
| 17:51 | Crear | Villager (Male) |
| 18:05 | Crear | Villager (Male) |
| 18:56 | Crear | Villager (Male) |
| 19:25 | Crear | Villager (Male) |
| 20:04 | Crear | Archer |
Cronología de la partida
| 6:22 | Craftmk · first_building Barracks |
| 7:36 | Craftmk · age_up feudal |
| 7:50 | Craftmk · first_building Stable |
| 8:46 | piñaples · first_building Barracks |
| 9:42 | piñaples · age_up feudal |
| 9:45 | piñaples · first_building Archery Range |
| 10:05 | Craftmk · first_building Archery Range |
| 12:21 | Craftmk · wall_segment Palisade Wall x8 |
| 12:41 | Craftmk · wall_segment Palisade Wall x4 |
| 17:08 | Craftmk · wall_segment Palisade Wall x1 |
| 19:59 | Craftmk · wall_segment Palisade Wall x5 |
| 21:39 | piñaples · resign |
[ ANÁLISIS IA · 1 CRÉDITO ]
¿Qué pasó realmente en esta partida?
Wolo.gg analiza cada decisión: build order, eco, micro, errores típicos por bracket. Análisis personalizado por WhatsApp o Discord en 30 segundos.
Guía civ
Mongoles
Perfil
Craftmk